Workbook
Name Compliance_DDown: #REF!
Name ComplianceDD: ComplianceScore[Compliance]

Sheet Org Tool
A1: PR&C Review Organization - Structure and Finance
A2: Agency Name
A3: Monitoring Date
A4: Monitoring Type
A5: Organizational Structure, Management, and Personnel
A6: Standard | B6: Checklist Item | C6: Tier | D6: Determination | E6: Score | F6: Notes
A7: A1 Governing board includes homeless/formerly homeless individual | C7: 1 | D7: N/A | E7: =VLOOKUP(D7,ComplianceScore[],2,0) -> N/A
A8: A2 Conflict of interest & nepotism policy | C8: 1 | D8: N/A | E8: =VLOOKUP(D8,ComplianceScore[],2,0) -> N/A
A9: A3 Prohibition of mandatory religious participation | C9: 2 | D9: N/A | E9: =VLOOKUP(D9,ComplianceScore[],2,0) -> N/A
A10: A4 Nondiscrimination policies | C10: 2 | D10: N/A | E10: =VLOOKUP(D10,ComplianceScore[],2,0) -> N/A
A11: A5 Drug-Free Workplace Policy | C11: 2 | D11: N/A | E11: =VLOOKUP(D11,ComplianceScore[],2,0) -> N/A
A12: A6 Firearms and weapons policy | C12: 2 | D12: N/A | E12: =VLOOKUP(D12,ComplianceScore[],2,0) -> N/A
A13: A7 Disaster recovery and crisis communication plan | C13: 2 | D13: N/A | E13: =VLOOKUP(D13,ComplianceScore[],2,0) -> N/A
A14: A8 501(c)(3) or 501(c)(4) documentation | C14: 3 | D14: N/A | E14: =VLOOKUP(D14,ComplianceScore[],2,0) -> N/A
A15: A9 Sexual harassment policy | C15: 3 | D15: N/A | E15: =VLOOKUP(D15,ComplianceScore[],2,0) -> N/A
A16: A10 Required staff training | C16: 3
B17: (1) Emergency evacuation procedures | D17: N/A | E17: =VLOOKUP(D17,ComplianceScore[],2,0) -> N/A
B18: (2) Universal Precautions | D18: N/A | E18: =VLOOKUP(D18,ComplianceScore[],2,0) -> N/A
B19: (3) CPR and First Aid | D19: N/A | E19: =VLOOKUP(D19,ComplianceScore[],2,0) -> N/A
B20: (4) Non-violent crisis intervention | D20: N/A | E20: =VLOOKUP(D20,ComplianceScore[],2,0) -> N/A
B21: (5) Ethical client practices | D21: N/A | E21: =VLOOKUP(D21,ComplianceScore[],2,0) -> N/A
B22: (6) Cultural competency and diversity, including training specific to any target population(s) served | D22: N/A | E22: =VLOOKUP(D22,ComplianceScore[],2,0) -> N/A
B23: (7) Recognition and reporting of child and elder abuse | D23: N/A | E23: =VLOOKUP(D23,ComplianceScore[],2,0) -> N/A
B24: (8) Agency operating procedures | D24: N/A | E24: =VLOOKUP(D24,ComplianceScore[],2,0) -> N/A
B25: (9) Relevant community resources and social service programs (CSB provides) | D25: N/A | E25: =VLOOKUP(D25,ComplianceScore[],2,0) -> N/A
B26: (10) Customer service techniques | D26: N/A | E26: =VLOOKUP(D26,ComplianceScore[],2,0) -> N/A
B27: (11) Evidence-based practices relevant to project type (optional and as needed) | D27: N/A | E27: =VLOOKUP(D27,ComplianceScore[],2,0) -> N/A
B28: (12) Evidence-based practices relevant to population(s) served by the project. (optional and as needed) | D28: N/A | E28: =VLOOKUP(D28,ComplianceScore[],2,0) -> N/A
... B31: (15) Trauma-Informed Care (CSB provides) | D31: N/A | E31: =VLOOKUP(D31,ComplianceScore[],2,0) -> N/A
A32: A11 The agency has an organizational chart and written personnel policies. | C32: 3 | D32: N/A | E32: =VLOOKUP(D32,ComplianceScore[],2,0) -> N/A
A33: A12 Staff attends applicable system and partner meetings, trainings, and capacity building activities. | C33: 3 | D33: N/A | E33: =VLOOKUP(D33,ComplianceScore[],2,0) -> N/A
A34: A13 All staff and volunteers are identifiable to clients and visitors. | C34: 3 | D34: N/A | E34: =VLOOKUP(D34,ComplianceScore[],2,0) -> N/A
A35: A14 Written Procedures ensuring client record security, privacy, and confidentiality | C35: 3 | D35: N/A | E35: =VLOOKUP(D35,ComplianceScore[],2,0) -> N/A
C36: Organizational Score | E36: =AVERAGE(E7:E35) -> #DIV/0!
A37: Fiscal Administration
A38: D1 Financial management system that is accurate, clear, and current | C38: 1 | D38: N/A | E38: =VLOOKUP(D38,ComplianceScore[],2,0) -> N/A
A39: D2 Grant expense documentation & match tracking | C39: 1
B40: (1) Payments are processed within a reasonable period | D40: N/A | E40: =VLOOKUP(D40,ComplianceScore[],2,0) -> N/A
B41: (2) Invoices are submitted within 30 of month's end | D41: N/A | E41: =VLOOKUP(D41,ComplianceScore[],2,0) -> N/A
B42: (3) Costs are invoiced on a reimbursement basis unless an advance payment agreement is in place | D42: N/A | E42: =VLOOKUP(D42,ComplianceScore[],2,0) -> N/A
B43: (4) The agency has a procedure for ensuring there is no duplication of client services. | D43: N/A | E43: =VLOOKUP(D43,ComplianceScore[],2,0) -> N/A
B44: (5) Funds received are appropriately restricted and/or allocated to specific programs. | D44: N/A | E44: =VLOOKUP(D44,ComplianceScore[],2,0) -> N/A
B45: (6) Expenditures are reviewed and approved in compliance with Generally Accepted Accounting Principles and/or funding requirements. | D45: N/A | E45: =VLOOKUP(D45,ComplianceScore[],2,0) -> N/A
B46: (7) Equipment purchased of $5,000 or more received prior authorization | D46: N/A | E46: =VLOOKUP(D46,ComplianceScore[],2,0) -> N/A
B47: (8) Federal cash is only drawn on an “as needed” basis and is not held more than 3 working days. | D47: N/A | E47: =VLOOKUP(D47,ComplianceScore[],2,0) -> N/A
B48: (9) The agency periodically reviews vendors to ensure they are not debarred or suspended from participation related to federal awards. | D48: N/A | E48: =VLOOKUP(D48,ComplianceScore[],2,0) -> N/A
B49: (10) Additional invoice documentation requested by the funder is provided in a timely manner. | D49: N/A | E49: =VLOOKUP(D49,ComplianceScore[],2,0) -> N/A
A50: D3 Indirect cost allocation plan that details the allocation methodology and what expenses are included. | C50: 1 | D50: N/A | E50: =VLOOKUP(D50,ComplianceScore[],2,0) -> N/A
A51: D4 There is separate accountability of staff time between administrative and programmatic activities. | C51: 1 | D51: N/A | E51: =VLOOKUP(D51,ComplianceScore[],2,0) -> N/A
A52: D5 The agency met budget and funding requirements for match. | C52: 1 | D52: N/A | E52: =VLOOKUP(D52,ComplianceScore[],2,0) -> N/A
A53: D6 Agency documents outreach to minority and women's businesses. Agencies ensure the Buy America Preference requirements for CoC and ESG-funded procurement items are met. | C53: 1 | D53: N/A | E53: =VLOOKUP(D53,ComplianceScore[],2,0) -> N/A
A54: D7 Program income for the grant is expended prior to the disbursement of grant funds. | C54: 1 | D54: N/A | E54: =VLOOKUP(D54,ComplianceScore[],2,0) -> N/A
A55: D8 The governing board will procure an independent certified public accountant to audit the financial statements consistent with the following: | C55: 1
B56: (1) The audit is performed in accordance with generally accepted government auditing standards; | D56: N/A | E56: =VLOOKUP(D56,ComplianceScore[],2,0) -> N/A
B57: (2) A single audit is performed in accordance with 2 CFR 200, Subpart F if the agency’s aggregate federal expenditures exceed $750,000; | D57: N/A | E57: =VLOOKUP(D57,ComplianceScore[],2,0) -> N/A
B58: (3) The audit is performed within 6 months after the close of the agency’s fiscal year; | D58: N/A | E58: =VLOOKUP(D58,ComplianceScore[],2,0) -> N/A
B59: (4) The audit report, management letter, and IRS 990 are submitted to CSB within 30 days of being accepted by the agency’s Board. | D59: N/A | E59: =VLOOKUP(D59,ComplianceScore[],2,0) -> N/A
A60: D9 Equipment purshased with federal and non federal dollars are independantly inventoried every 2 years. | C60: 2 | D60: N/A | E60: =VLOOKUP(D60,ComplianceScore[],2,0) -> N/A
A61: D10 Finance and procurement policy manuals | C61: 2 | D61: N/A | E61: =VLOOKUP(D61,ComplianceScore[],2,0) -> N/A
A62: D11 CSB and its funding sources are recognized in all public media | C62: 2 | D62: N/A | E62: =VLOOKUP(D62,ComplianceScore[],2,0) -> N/A
A63: D12 Complete Agency Chart of Accounts | C63: 2 | D63: N/A | E63: =VLOOKUP(D63,ComplianceScore[],2,0) -> N/A
A64: D13 The agency has the following insurance provisions, notices, and certificates | C64: 2
B65: (1) Worker’s Compensation Certificate; | D65: N/A | E65: =VLOOKUP(D65,ComplianceScore[],2,0) -> N/A
B66: (2) Employment Practices Liability (EPL); | D66: N/A | E66: =VLOOKUP(D66,ComplianceScore[],2,0) -> N/A
B67: (3) Employer’s Liability; | D67: N/A | E67: =VLOOKUP(D67,ComplianceScore[],2,0) -> N/A
B68: (4) Comprehensive General Liability (CGL); | D68: N/A | E68: =VLOOKUP(D68,ComplianceScore[],2,0) -> N/A
B69: (5) Directors’ and Officers’ Liability (D&O) | D69: N/A | E69: =VLOOKUP(D69,ComplianceScore[],2,0) -> N/A
B70: (6) Fidelity and Crime Insura | D70: N/A | E70: =VLOOKUP(D70,ComplianceScore[],2,0) -> N/A
B71: (7) Umbrella Insurance over all primary coveragence; | D71: N/A | E71: =VLOOKUP(D71,ComplianceScore[],2,0) -> N/A
B72: (8) Property Insurance; | D72: N/A | E72: =VLOOKUP(D72,ComplianceScore[],2,0) -> N/A
B73: (9) Wage and Hour Notice. | D73: N/A | E73: =VLOOKUP(D73,ComplianceScore[],2,0) -> N/A
A74: D14 Program Managers review financial reports, budgeted and actual costs, and supporting documentation in a timely manner. | C74: 2 | D74: N/A | E74: =VLOOKUP(D74,ComplianceScore[],2,0) -> N/A
A75: D15 Agency does not do business with those defined in 2 CFR 200.215 & .216 | C75: 3 | D75: N/A | E75: =VLOOKUP(D75,ComplianceScore[],2,0) -> N/A
C76: Finance Score | E76: =AVERAGE(E38:E75) -> #DIV/0!

Sheet Overall Score
A1: PR&C Review Organization - Structure and Finance
A2: Agency Name | B2: ='Org Tool'!B2 -> 0
A3: Monitoring Date | B3: ='Org Tool'!B3 -> 0
A4: Monitoring Type | B4: ='Org Tool'!B4 -> 0
C6: Program Monitored? | D6: Score
A7: Organizational Structure, Management, and Personnel | C7: Yes | D7: ='Org Tool'!E36 -> #DIV/0!
A8: Fiscal Administration | C8: Yes | D8: ='Org Tool'!E76 -> #DIV/0!
A9: Street Outreach (SO) | C9: Yes
A10: Emegency Shelter (ES) | C10: Yes
A11: Homelesness Prevention (HP) | C11: Yes
A12: Rapid Re-Housing (RRH) | C12: Yes
A13: Transitional Housing | C13: Yes
A14: Permanent Supportive Housing | C14: Yes
A15: Direct Client Assistance (DCA) | C15: Yes
A16: Coordinated Entry (CPoA, USHS) | C16: Yes
A17: Data Review | C17: Yes
A18: Overall Score | D18: =AVERAGE(D7:D17) -> #DIV/0!

Sheet Do Not Delete
A1: Compliance | B1: Score
A2: N/A | B2: N/A
A3: Yes | B3: 1
A4: No | B4: 0
